 Dungeon Crawl Stone Soup version 0.25-a0-404-gc1b5a34 (webtiles) character file.

Game seed: 2265124436473181889, levelgen mode: deterministic

4042 BlueFish the Martial Artist (level 10, -5/74 HPs)
             Began as an Octopode Transmuter on Jan 12, 2020.
             Was a Believer of Sif Muna.
             Slain by an iguana (8 damage)
             ... on level 8 of the Dungeon.
             The game lasted 00:20:39 (9449 turns).

BlueFish the Martial Artist (Octopode Transmuter)   Turns: 9449, Time: 00:20:40

Health: -5/74      AC:  6    Str: 17    XL:     10   Next: 24%
Magic:  11/17      EV: 12    Int: 16    God:    Sif Muna [**....]
Gold:   448        SH:  0    Dex: 13    Spells: 9/19 levels left

rFire    x . .     SeeInvis .     - Unarmed
rCold    + + +     Gourm    .   (shield currently unavailable)
rNeg     + . .     Faith    .   (helmet currently unavailable)
rPois    +         Spirit   .   (no amulet)
rElec    .         Reflect  .   i - ring of protection from magic
rCorr    .         Harm     .   k - ring of positive energy
MR       +....                  (no ring)
Stlth    +++.......             (no ring)
HPRegen  0.22/turn              (no ring)
MPRegen  0.15/turn              (no ring)
                                (no ring)
                                (no ring)

@: mighty, ice-form, very slightly contaminated
A: large, almost no armour, stealthy swim, amphibious, 8 rings, (constrict 8)
a: End Transformation, Channel Magic, Renounce Religion


You were on level 8 of the Dungeon.
You worshipped Sif Muna.
Sif Muna was pleased with you.
You were not hungry.
You were a creature of crystalline ice.
You visited 2 branches of the dungeon, and saw 9 of its levels.

You collected 448 gold pieces.

Inventory:

Hand Weapons
 m - a +0 dagger of holy wrath
Missiles
 a - 153 arrows
Jewellery
 i - a ring of protection from magic (left front paw)
 k - a ring of positive energy (right front paw)
Wands
 e - a wand of flame (47)
Scrolls
 b - 2 scrolls of fear {unknown}
 d - 5 scrolls of teleportation
 g - 4 scrolls of remove curse
 o - 2 scrolls of enchant armour
Potions
 f - 10 potions of haste
 l - a potion of ambrosia {unknown}
Comestibles
 c - 19 rations
 j - 7 chunks of flesh


   Skills:
 + Level 2.9 Fighting
 + Level 4.3 Dodging
 + Level 6.8 Stealth
 + Level 8.6 Unarmed Combat
 + Level 5.0 Spellcasting
 + Level 5.0 Transmutations
 * Level 5.3 Ice Magic
 + Level 5.2 Poison Magic


You had 9 spell levels left.
You knew the following spells:

 Your Spells              Type           Power        Failure   Level  Hunger
a - Beastly Appendage     Tmut           ###...       1%          1    None
b - Sticks to Snakes      Tmut           ###.....     3%          2    #......
c - Spider Form           Tmut/Pois      ###.......   5%          3    ###....
d - Ice Form              Ice/Tmut       ###.....     19%         4    ####...

Your spell library contained the following spells:

 Spells                   Type           Power        Failure   Level  Hunger
 Blade Hands              Tmut           ###.......   47%         5    ######.


Dungeon Overview and Level Annotations

Branches:
Dungeon (8/15)             Temple (1/1) D:5
   Lair: D:8-11

Altars:
Ashenzari
Elyvilon
Gozag
Makhleb
Nemelex Xobeh
Okawaru
Sif Muna
Trog
Uskayaw
Vehumet
Yredelemnul
Zin
The Shining One

Shops:
D:5 %


Innate Abilities, Weirdness & Mutations

You cannot wear most types of armour.
You are very stealthy in the water. (Stealth+)
You are amphibious.
You can wear up to eight rings at the same time.
((You can use your tentacles to constrict eight enemies at once.))
((Your skin changes colour to match your surroundings (Stealth+).))
((Your rubbery body absorbs attacks. (AC +1, EV +1)))


Message History

* * * LOW HITPOINT WARNING * * *
The wolf bites you.
* * * LOW HITPOINT WARNING * * *
Some of the chunks of flesh in your inventory have rotted away.
You punch the wolf! You freeze the wolf.
The wolf is severely wounded.
The wolf bites you but does no damage. The wolf bites you.
* * * LOW HITPOINT WARNING * * *
You feel very mighty all of a sudden. The wolf bites you!
* * * LOW HITPOINT WARNING * * *
The wolf bites you but does no damage. The iguana closely misses you.
The wolf bites you.
* * * LOW HITPOINT WARNING * * *
The wolf closely misses you.
You pummel the wolf!! You freeze the wolf.
You kill the wolf!
Sif Muna accepts your kill. The wolf closely misses you. The iguana bites you!
You die...

#..........#......
#...##....##..##.
##...##....######+
#.............[...
#.............))..
#####..###.##.##.)##.
##..##..###.#####..###
#...................#
#...†Y..............#
#...hl.....<........#
#...................#
##..##..######.##..##
#.. #..# #.##### ...
.... .. #... .... #..
.....


You could see a wolf and an iguana.

Vanquished Creatures
  Pikel (D:6)
  Prince Ribbit (D:6)
  A spriggan (D:7)
  A wyvern (D:6)
  Sigmund (D:6)
  Grum (D:8)
  Edmund (D:6)
  Duvessa (D:6)
  A slave (D:6)
  An orc warrior (D:8)
  A phantom (D:5)
  3 ice beasts
  A necrophage (D:8)
  A centaur (D:7)
  A wolf (D:8)
  2 ogres (D:7)
  Blork the orc (D:4)
  3 bullfrogs
  An elf zombie (D:8)
  A wyvern zombie (D:6)
  Dowan (D:6)
  A wyvern skeleton (D:8)
  3 scorpions
  A howler monkey (D:8)
  4 wights
  3 human zombies (D:8)
  4 orc priests
  2 hounds
  Crazy Yiuf (D:6)
  A human skeleton (D:8)
  A jelly (D:6)
  An orc wizard (D:8)
  An iguana (D:4)
  9 worker ants
  4 mummies (D:8)
  8 gnolls
  6 adders
  A shadow imp (D:6)
  2 oozes
  An adder skeleton (D:6)
  2 worms (D:2)
  2 dart slugs
  4 leopard geckos
  15 orcs
  5 ball pythons
  8 bats
  2 giant cockroaches
  7 goblins
  3 hobgoblins
  6 jackals
  10 kobolds
  2 quokkas
  4 frilled lizards
  A giant cockroach zombie (D:5)
  A jackal skeleton (D:4)
  A jackal zombie (D:6)
  A leopard gecko skeleton (D:4)
  A leopard gecko zombie (D:6)
  An orc zombie (D:8)
  A quokka zombie (D:5)
  10 rats
167 creatures vanquished.

Vanquished Creatures (others)
  A slave (D:6)
  2 orcs (D:6)
3 creatures vanquished.

Grand Total: 170 creatures vanquished

Notes
Turn   | Place    | Note
-------+----------+-------------------------------------------
     0 | D:1      | BlueFish the Octopode Transmuter began the quest for the
                  | Orb.
     0 | D:1      | Reached XP level 1. HP: 13/13 MP: 3/3
   219 | D:1      | You fall into a shaft and drop 1 floor!
   435 | D:2      | Reached XP level 2. HP: 15/18 MP: 3/5
   478 | D:1      | Learned a level 2 spell: Sticks to Snakes
   713 | D:1      | Reached XP level 3. HP: 19/23 MP: 4/6
   721 | D:1      | Learned a level 3 spell: Spider Form
  1297 | D:2      | Reached skill level 1 in Stealth
  1595 | D:2      | Reached XP level 4. HP: 19/28 MP: 5/7
  2353 | D:3      | Reached skill level 1 in Poison Magic
  2378 | D:3      | Reached XP level 5. HP: 31/33 MP: 7/9
  2516 | D:3      | Reached skill level 4 in Unarmed Combat
  2914 | D:3      | Found a sparkling altar of Nemelex Xobeh.
  2914 | D:3      | Found a glowing silver altar of Zin.
  3050 | D:3      | Found a burning altar of Makhleb.
  3429 | D:4      | Reached XP level 6. HP: 38/38 MP: 4/10
  3449 | D:4      | Learned a level 4 spell: Ice Form
  3686 | D:4      | Noticed Blork the orc
  3699 | D:4      | Killed Blork the orc
  4299 | D:5      | Entered Level 5 of the Dungeon
  4343 | D:5      | Found a staircase to the Ecumenical Temple.
  4350 | Temple   | Entered the Ecumenical Temple
  4360 | Temple   | Became a worshipper of Sif Muna the Loreminder
  4403 | D:5      | Noticed a phantom
  4448 | D:5      | Killed a phantom
  4448 | D:5      | Reached XP level 7. HP: 32/43 MP: 2/11
  4750 | D:5      | Found Mayscheu's Food Shoppe.
  5097 | D:5      | Reached skill level 5 in Unarmed Combat
  5316 | D:5      | Found an iron altar of Okawaru.
  5416 | D:6      | Noticed Dowan
  5417 | D:6      | Noticed Duvessa
  5496 | D:6      | Killed Duvessa
  5496 | D:6      | Reached skill level 1 in Ice Magic
  5658 | D:6      | Killed Dowan
  5658 | D:6      | Reached XP level 8. HP: 25/49 MP: 10/13
  5886 | D:6      | Found a runed translucent door.
  5887 | D:6      | Noticed Crazy Yiuf
  5905 | D:6      | Killed Crazy Yiuf
  5962 | D:6      | Noticed a wyvern
  5976 | D:6      | Killed a wyvern
  6067 | D:6      | Noticed Pikel
  6076 | D:6      | Killed Pikel
  6076 | D:6      | Reached skill level 5 in Stealth
  6076 | D:6      | Reached skill level 6 in Unarmed Combat
  6226 | D:6      | Reached XP level 9. HP: 25/54 MP: 11/15
  6429 | D:6      | Noticed Sigmund
  6440 | D:6      | Killed Sigmund
  6451 | D:6      | Noticed Edmund
  6484 | D:6      | Reached skill level 7 in Unarmed Combat
  6643 | D:6      | Killed Edmund
  6779 | D:6      | Noticed Prince Ribbit
  6794 | D:6      | Killed Prince Ribbit
  6947 | D:6      | Found a bloodstained altar of Trog.
  7175 | D:7      | Reached * piety under Sif Muna
  7226 | D:7      | Reached skill level 5 in Poison Magic
  7433 | D:7      | HP: 3/82 [gnoll/+0 flail (2)]
  8670 | D:7      | Found an opulent altar of Gozag.
  8776 | D:8      | Reached skill level 8 in Unarmed Combat
  8776 | D:8      | Reached skill level 5 in Transmutations
  8794 | D:8      | Reached XP level 10. HP: 33/62 MP: 13/17
  8951 | D:8      | Found a basalt altar of Yredelemnul.
  9016 | D:8      | Reached skill level 5 in Ice Magic
  9040 | D:8      | Reached skill level 5 in Spellcasting
  9234 | D:8      | Reached ** piety under Sif Muna
  9427 | D:8      | Noticed Grum
  9445 | D:8      | Killed Grum
  9448 | D:8      | HP: 3/74 [wolf[Grum] (2)]
  9449 | D:8      | Slain by an iguana

Levels and vault maps discovered:
D:1:      minmay_arrival_nine_rooms, layout_basic, grunt_decor_mini_mirrors
D:2:      layout_loops_ring, first_ration, grunt_ministairs_14
D:3:      layout_basic, gammafunk_temple_overflow_pools,
          makhleb_blood_cavern_becter
D:4:      layout_cave_pods, uniq_blork_the_orc
D:5:      layout_basic, nicolae_overflow_hidden_temple,
          minmay_temple_entry_enclosed_plants, serial_shops, shop
D:6:      layout_rooms, kennysheep_mini, sigmund_edmund_badplayer,
          uniq_prince_ribbit1, uniq_duvessa, uniq_pikel,
          uniq_crazy_yiuf_cottage, uniq_sigmund
D:7:      layout_basic, lemuel_coloured_pillars_altar, the_bakery
D:8:      layout_gridville, kennysheep_mini_moat,
          lemuel_mausoleum_altar_yredelemnul, uniq_grum
Temple:   nicolae_temple_great_sept

Skill      XL: |  1  2  3  4  5  6  7  8  9 10 |
---------------+-------------------------------+-----
Stealth        | 1 2 3 4 5 6 |  6.8
Poison Magic   | 1 2 3 4 5 |  5.2
Unarmed Combat | 4 5 6 8 |  8.6
Transmutations | 3 4 5 |  5.0
Spellcasting   | 3 4 5 |  5.0
Ice Magic      | 1 3 4 5 |  5.3
Dodging        | 3 4 |  4.3
Fighting       | 2 |  2.9

Action                   |  1- 3 |  4- 6 |  7- 9 | 10-12 || total
-------------------------+-------+-------+-------+-------++-------
Melee: Unarmed           |    75 |   133 |   258 |    65 ||   531
       Constrict         |    24 |    17 |    13 |       ||    54
       Kick              |    19 |    14 |     4 |       ||    37
       Tentacles         |     6 |     9 |     7 |       ||    22
       Punch             |       |     2 |       |       ||     2
 Cast: Beastly Appendage |    21 |    17 |     4 |       ||    42
       Spider Form       |       |     8 |    26 |     1 ||    35
       Ice Form          |       |       |     3 |     4 ||     7
  Use: Scroll            |     5 |     3 |     1 |       ||     9
       Potion            |       |       |     4 |     1 ||     5
 Stab: Sleeping          |     4 |    12 |     9 |     5 ||    30
  Eat: Chunk             |     2 |     9 |    15 |     3 ||    29
       Ration            |       |       |     1 |       ||     1
Armor: Skin              |     3 |     6 |    19 |    12 ||    40
Dodge: Dodged            |    44 |    82 |   153 |    47 ||   326

Table legend:
 A = Non-vault XP
 B = Vault XP
 C = Vault XP percentage of total XP
 D = Non-vault monster count
 E = Vault monster count
 F = Vault count percentage of total count
                 A         B        C        D         E       F
            +---------+---------+-------+---------+---------+-------
      Total |    3095 |    2680 |  46.4 |     140 |      26 |  15.7
            +---------+---------+-------+---------+---------+-------
        D:1 |      45 |       0 |   0.0 |      26 |       0 |   0.0
        D:2 |      53 |       2 |   3.6 |      14 |       2 |  12.5
        D:3 |     159 |      42 |  20.9 |      32 |       1 |   3.0
        D:4 |     157 |      91 |  36.7 |       8 |       1 |  11.1
        D:5 |     336 |       0 |   0.0 |       8 |       0 |   0.0
        D:6 |     783 |    1520 |  66.0 |      19 |       7 |  26.9
        D:7 |    1043 |     220 |  17.4 |      23 |       1 |   4.2
        D:8 |     519 |     805 |  60.8 |      10 |      14 |  58.3
            +---------+---------+-------+---------+---------+-------
